 Dungeon Crawl Stone Soup version 0.24.0-125-gc4c63601f3 (webtiles) character file.

Game seed: 17670464546584865898, levelgen mode: deterministic

766502 shadizar the Slayer (level 27, -19/171 HPs)
             Began as a Gargoyle Fighter on Mar 14, 2020.
             Was the Champion of the Shining One.
             Killed from afar by a hellion (26 damage)
             ... with damnation
             ... on level 7 of Gehenna on Mar 15, 2020.
             The game lasted 03:20:18 (69618 turns).

shadizar the Slayer (Gargoyle Fighter)             Turns: 69618, Time: 03:20:18

Health: -19/171    AC: 69    Str: 26    XL:     27
Magic:  38/45      EV: 15    Int: 14    God:    the Shining One [******]
Gold:   8307       SH: 38    Dex: 13    Spells: 26/26 levels left

rFire    + + +     SeeInvis +   Q - +9 sacred scourge (holy)
rCold    + + .     Gourm    .   C - +0 large shield
rNeg     + + +     Faith    .   o - +8 gold dragon scales
rPois    ∞         Spirit   .   M - +2 helmet
rElec    +         Reflect  .   r - +2 cloak "Paba" {rF++ Str-5 Slay+2 SInv}
rCorr    +         Harm     .   E - +2 pair of gloves {Str+3}
MR       +++++     Clarity  +   s - +2 pair of boots "Saraorr" {*Contam Regen+ MP+9 Dex+4}
Stlth    ..........             u - amulet of the Four Winds {rN+ MR+++ Clar}
HPRegen  0.78/turn              W - ring "Pyssemya" {rElec rPois rC+ MR+ Int+2}
MPRegen  0.29/turn              O - ring of resist corrosion

@: divine shield, flying, glowing, studying Dodging
A: big wings, frail 1, negative energy resistance 1, electricity resistance,
weak 1, unbreathing, petrification resistance, rot immunity, AC +20
}: 5/15 runes: decaying, serpentine, silver, golden, abyssal
a: Stop Flying, Divine Shield, Cleansing Flame, Summon Divine Warrior, Renounce
Religion


You were on level 7 of Gehenna.
You worshipped the Shining One.
The Shining One was exalted by your worship.
You were not hungry.

You visited 13 branches of the dungeon, and saw 59 of its levels.
You visited the Abyss 3 times.
You also visited: Ossuary, Ice Cave and Wizlab.

You collected 11776 gold pieces.
You spent 3469 gold pieces at shops.

Inventory:

Hand Weapons
 b - a +4 eudemon blade of holy wrath
 t - a +5 eveningstar of distortion
 H - the +7 long sword of the Distant Future {elec, rC++ Int+2 Stlth+}
   (You found it on level 3 of the Tomb of the Ancients)

   Occasionally, upon striking a foe, it will discharge some electrical energy
   and cause terrible harm.
   It affects your intelligence (+2).
   It greatly protects you from cold.
   It makes you more stealthy.
 Q - a +9 sacred scourge of holy wrath (weapon)
 S - the +6 longbow of Umouju {venom, rF+ Int+4}
   (You took it off a centaur warrior on level 14 of the Dungeon)

   It poisons the ammo it fires.
   It affects your intelligence (+4).
   It protects you from fire.
Armour
 i - the +1 cloak of Starlight {rElec rC+ EV+4 Stlth--}
   (You bought it in a shop on level 1 of the Elven Halls)

   It affects your evasion (+4).
   It protects you from cold.
   It insulates you from electricity.
   It makes you much less stealthy.
 o - +8 gold dragon scales (worn)
 r - the +2 cloak "Paba" (worn) {rF++ Str-5 Slay+2 SInv}
   (You found it on level 3 of the Elven Halls)

   It affects your strength (-5).
   It affects your accuracy and damage with ranged weapons and melee attacks
   (+2).
   It greatly protects you from fire.
   It lets you see invisible.
 s - the +2 pair of boots "Saraorr" (worn) {*Contam Regen+ MP+9 Dex+4}
   (You found it on level 2 of the Crypt)

   It affects your dexterity (+4).
   It affects your magic capacity (+9).
   It causes magical contamination when unequipped.
   It increases your rate of regeneration.
 B - a +2 pair of boots of running
 C - a +0 large shield (worn)
 E - a +2 pair of gloves of strength (worn)
 M - a +2 helmet (worn)
Jewellery
 c - the ring of Cucocrawn {MR++ Int+3 Dex+3 Stlth-}
   (You bought it in a shop on level 1 of the Depths)

   [ring of attention]

   It affects your intelligence (+3).
   It affects your dexterity (+3).
   It affects your resistance to hostile enchantments.
   It makes you less stealthy.
 u - the amulet of the Four Winds (around neck) {rN+ MR+++ Clar}
   (You found it on level 5 of the Vaults)

   [amulet of nothing]

   It protects you from negative energy.
   It affects your resistance to hostile enchantments.
   It protects you against confusion.
 G - the amulet of Xom's Vengeance {Faith *Drain rC+ SInv}
   (You found it on level 4 of the Depths)

   [amulet of faith]

   It allows you to gain divine favour quickly.
   It protects you from cold.
   It lets you see invisible.
   It causes draining when unequipped.
 J - the amulet of Music {Regen+ Dex+2}
   (You found it on level 3 of the Crypt)

   [amulet of regeneration]

   It affects your dexterity (+2).
   It increases your rate of regeneration.
 N - the amulet "Omutiygh" {rC+ Regen+ SInv}
   (You found it on level 3 of the Crypt)

   [amulet of regeneration]

   It protects you from cold.
   It lets you see invisible.
   It increases your rate of regeneration.
 O - a ring of resist corrosion (right hand)
 R - the ring of Benevolence {+Blink rElec rN+ Str+3}
   (You found it on level 3 of the Crypt)

   [ring of positive energy]

   It affects your strength (+3).
   It insulates you from electricity.
   It protects you from negative energy.
   It lets you blink.
 W - the ring "Pyssemya" (left hand) {rElec rPois rC+ MR+ Int+2}
   (You found it on level 2 of the Depths)

   [ring of protection from magic]

   It affects your intelligence (+2).
   It protects you from cold.
   It insulates you from electricity.
   It protects you from poison.
   It affects your resistance to hostile enchantments.
 Z - the ring "Wufexas" {rN+ Str+2 Int+3 SInv Stlth-}
   (You found it on level 3 of the Tomb of the Ancients)

   [ring of see invisible]

   It affects your strength (+2).
   It affects your intelligence (+3).
   It protects you from negative energy.
   It lets you see invisible.
   It makes you less stealthy.
Wands
 l - a wand of acid (18)
 I - a wand of iceblast (23)
 L - a wand of digging (14)
 T - a wand of flame (53)
Scrolls
 g - a scroll of silence
 h - 6 scrolls of magic mapping
 k - 13 scrolls of identify
 m - 15 scrolls of teleportation
 n - a scroll of enchant weapon
 p - 3 scrolls of brand weapon
 v - 19 scrolls of remove curse
 y - 8 scrolls of blinking
 A - a scroll of fear
 K - 7 scrolls of fog
Potions
 a - 11 potions of curing
 d - a potion of might
 e - 3 potions of cancellation
 j - 4 potions of agility
 q - 3 potions of brilliance
 w - 2 potions of berserk rage
 x - a potion of ambrosia
 F - 3 potions of resistance
Books
 U - a manual of Dodging
Miscellaneous
 P - 5 boxes of beasts
 X - a figurine of a ziggurat
Comestibles
 f - 80 rations


   Skills:
 + Level 24.1 Fighting
 + Level 22.1 Maces & Flails
 + Level 23.2 Armour
 + Level 19.3 Dodging
 + Level 23.2 Shields
 + Level 18.4 Invocations
 + Level 13.0 Evocations


You had 26 spell levels left.
You didn't know any spells.
Your spell library contained the following spells:

 Spells                   Type           Power        Failure   Level  Hunger
 Animate Skeleton         Necr           N/A          98%         1    ##.....
 Confusing Touch          Hex            #.....       98%         1    ##.....
 Corona                   Hex            #......      98%         1    ##.....
 Flame Tongue             Conj/Fire      #....        98%         1    ##.....
 Freeze                   Ice            #...         98%         1    ##.....
 Infusion                 Chrm           #...         98%         1    ##.....
 Magic Dart               Conj           #...         98%         1    ##.....
 Pain                     Necr           #...         98%         1    ##.....
 Shock                    Conj/Air       #...         98%         1    ##.....
 Summon Small Mammal      Summ           #...         98%         1    ##.....
 Call Imp                 Summ           #.......     99%         2    ###....
 Corpse Rot               Necr           N/A          99%         2    ###....
 Ensorcelled Hibernation  Hex/Ice        #.....       99%         2    ###....
 Passwall                 Tmut/Erth      #.......     99%         2    ###....
 Poisonous Vapours        Pois/Air       #.....       99%         2    ###....
 Searing Ray              Conj           #.....       99%         2    ###....
 Shroud of Golubria       Chrm/Tloc      #.....       99%         2    ###....
 Slow                     Hex            #.......     99%         2    ###....
 Song of Slaying          Chrm           #.......     99%         2    ###....
 Swiftness                Chrm/Air       #.......     99%         2    ###....
 Throw Frost              Conj/Ice       #.....       99%         2    ###....
 Call Canine Familiar     Summ           #.......     100%        3    ####...
 Confuse                  Hex            #.......     100%        3    ####...
 Conjure Flame            Conj/Fire      #.......     100%        3    ####...
 Dazzling Spray           Conj/Hex       #.....       100%        3    ####...
 Gell's Gravitas          Tloc           #.........   100%        3    ####...
 Ignite Poison            Fire/Tmut/Pois #.......     100%        3    ####...
 Inner Flame              Hex/Fire       #.......     100%        3    ####...
 Mephitic Cloud           Conj/Pois/Air  #.......     100%        3    ####...
 Ozocubu's Armour         Chrm/Ice       #.......     100%        3    ####...
 Portal Projectile        Hex/Tloc       #.....       100%        3    ####...
 Recall                   Summ/Tloc      N/A          100%        3    ####...
 Regeneration             Chrm/Necr      #.........   100%        3    ####...
 Spectral Weapon          Hex/Chrm       #.......     100%        3    ####...
 Spider Form              Tmut/Pois      #.........   100%        3    ####...
 Static Discharge         Conj/Air       #.......     100%        3    ####...
 Stone Arrow              Conj/Erth      #.....       100%        3    ####...
 Summon Guardian Golem    Hex/Summ       #.......     100%        3    ####...
 Tukima's Dance           Hex            #.......     100%        3    ####...
 Vampiric Draining        Necr           #.........   100%        3    ####...
 Airstrike                Air            #.........   100%        4    #####..
 Animate Dead             Necr           N/A          100%        4    #####..
 Cause Fear               Hex            #.........   100%        4    #####..
 Force Lance              Conj/Tloc      #.......     100%        4    #####..
 Fulminant Prism          Conj/Hex       #.........   100%        4    #####..
 Iskenderun's Mystic Bla  Conj           #.......     100%        4    #####..
 Leda's Liquefaction      Hex/Erth       #.........   100%        4    #####..
 Petrify                  Tmut/Erth      #.......     100%        4    #####..
 Sticky Flame             Conj/Fire      #.......     100%        4    #####..
 Summon Ice Beast         Ice/Summ       #.......     100%        4    #####..
 Summon Lightning Spire   Summ/Air       #.......     100%        4    #####..
 Throw Icicle             Conj/Ice       #.......     100%        4    #####..
 Agony                    Necr           #.......     100%        5    ######.
 Alistair's Intoxication  Tmut/Pois      #.......     100%        5    ######.
 Aura of Abjuration       Summ           #.........   100%        5    ######.
 Bolt of Draining         Conj/Necr      #.........   100%        5    ######.
 Bolt of Magma            Conj/Fire/Erth #.........   100%        5    ######.
 Borgnjor's Vile Clutch   Necr/Erth      #.........   100%        5    ######.
 Excruciating Wounds      Chrm/Necr      #.........   100%        5    ######.
 Fireball                 Conj/Fire      #.........   100%        5    ######.
 Irradiate                Conj/Tmut      #.........   100%        5    ######.
 Lightning Bolt           Conj/Air       #.........   100%        5    ######.
 Metabolic Englaciation   Hex/Ice        #.........   100%        5    ######.
 Silence                  Hex/Air        #.........   100%        5    ######.
 Summon Demon             Summ           #.........   100%        5    ######.
 Summon Forest            Summ/Tloc      #.........   100%        5    ######.
 Summon Mana Viper        Hex/Summ       #.......     100%        5    ######.
 Venom Bolt               Conj/Pois      #.........   100%        5    ######.
 Yara's Violent Unravell  Hex/Tmut       #.........   100%        5    ######.
 Bolt of Fire             Conj/Fire      #.........   100%        6    #######
 Conjure Ball Lightning   Conj/Air       #.........   100%        6    #######
 Death Channel            Necr           #.........   100%        6    #######
 Deflect Missiles         Chrm/Air       #.........   100%        6    #######
 Freezing Cloud           Conj/Ice/Air   #.........   100%        6    #######
 Iron Shot                Conj/Erth      #.........   100%        6    #######
 Shadow Creatures         Summ           N/A          100%        6    #######
 Dragon Form              Tmut           #.........   100%        7    #######
 Haunt                    Necr/Summ      #.........   100%        7    #######
 Ring of Flames           Chrm/Fire      #.........   100%        7    #######
 Borgnjor's Revivificati  Necr           #.........   100%        8    #######
 Death's Door             Chrm/Necr      #.........   100%        8    #######
 Discord                  Hex            #.........   100%        8    #######
 Ignition                 Fire           #.........   100%        8    #######
 Infestation              Necr           #.........   100%        8    #######
 Necromutation            Tmut/Necr      #.........   100%        8    #######
 Dragon's Call            Summ           #.........   100%        9    #######
 Shatter                  Erth           #.........   100%        9    #######
 Tornado                  Air            #.........   100%        9    #######
 Sublimation of Blood     Necr           Unusable     N/A         2    N/A
 Statue Form              Tmut/Erth      Unusable     N/A         6    N/A

Dungeon Overview and Level Annotations

Branches:
Dungeon (15/15)            Temple (1/1) D:5            Lair (6/6) D:8
  Swamp (4/4) Lair:2        Snake (4/4) Lair:3          Orc (2/2) D:9
    Elf (3/3) Orc:2        Vaults (5/5) D:14          Crypt (3/3) Vaults:2
   Tomb (3/3) Crypt:3      Depths (5/5) D:15           Hell (visited)
    Dis (0/7) Hell            Geh (7/7) Hell            Coc (0/7) Hell
    Tar (0/7) Hell            Zot (0/5) Depths:5    Ossuary (visited)
  IceCv (visited)          WizLab (visited)
  Slime: Lair:5-6

Altars:
Ashenzari
Cheibriados
Dithmenos
Elyvilon
Fedhas
Gozag
Kikubaaqudgha
Makhleb
Nemelex Xobeh
Okawaru
Qazlal
Ru
Sif Muna
Trog
Uskayaw
Vehumet
Xom
Yredelemnul
Zin
The Shining One
Lugonu

Shops:
D:7 [   Orc:2 =*[(   Elf:1 [**=   Elf:3 =   Vaults:1 %:([   Vaults:4 !
Vaults:5 [   Depths:1 =[   Depths:2 =}}*   Depths:4 [(=*[

Portals:
Hell: Depths:1 Depths:2 Depths:3 Depths:4 Depths:5
Abyss: Depths:2 Depths:3 Depths:4 Depths:5
Pandemonium: Depths:3 Depths:4 Depths:5
Ziggurat: Depths:4

Annotations:
D:3 Purgy
D:15 Roxanne
Lair:5 exclusion: oklob plant
Lair:6 exclusion: 4 oklob plants
Orc:2 exclusion: oklob plant
Vaults:3 3 runed translucent doors, exclusion: obsidian statue, Synox's ghost, legendary FoFi
Geh:7 Asmodeus


Innate Abilities, Weirdness & Mutations

You are resistant to torment.
Your stone body is resilient. (AC +20)
You are immune to poison.
Your large and strong wings let you fly indefinitely.
You resist negative energy. (rN+)
You are resistant to electric shocks. (rElec)
You can survive without breathing.
You are immune to petrification.
You are immune to rotting.
You are frail. (-10% HP)
You are weak. (Str -2)


Message History

Unknown command.
Really fly into that cloud of flame?
Okay, then.
The hellion is engulfed in blazing flames.
The hellion gestures at you.
The sphere of damnation explodes!
The damnation engulfs you!!
* * * LOW HITPOINT WARNING * * *
The damnation engulfs the hellion.
The hellion completely resists.
The damnation engulfs your angel!! Asmodeus gestures at you.
The sphere of damnation explodes!
The damnation engulfs you!
* * * LOW HITPOINT WARNING * * *
The damnation engulfs the hellion.
The hellion completely resists.
The damnation engulfs your angel!!!
Your angel dies!
You block the hellion's attack.
The hellion is engulfed in blazing flames.
The hellion gestures at you.
The sphere of damnation explodes!
The damnation engulfs you!!
You die...

≈§§≈§≈≈≈≈≈≈≈#...#≈≈§§≈≈≈≈≈§§≈≈≈..
§§§≈≈≈§§§≈≈≈#...#≈§≈≈§≈≈≈≈§≈≈§≈≈§
§§≈§≈≈§≈§≈≈≈#...#≈§§§≈≈≈§≈§≈§§≈≈≈
§≈############)##≈≈≈§≈≈§§≈≈≈≈§≈§§
≈§# #........†)###########≈≈≈≈≈≈≈
≈§# #..........######### #≈≈≈§§≈≈
§§###..........#.§#2...# #≈§§§§≈≈
###.'..........#2○&°...# #≈§≈§§≈§
..#.'......^...#@○# ######§§
..#.#..........#..# #≈≈
..#.############..# #§≈
..#.'......... #..# #≈≈
#'#.'.....#### #..# #≈§
#.###)....#}=+ #..# #≈≈
#.###.....#|=+ #..# #≈≈
#...'.....####.#..# #§≈
#####.......^..#..# #§≈


You could see Asmodeus and 2 hellions.

Vanquished Creatures
  An ancient lich (WizLab)
  Mara (Swamp:4)
  Mennas (Depths:3)
  34 greater mummies
  the Lernaean hydra (Swamp:4)
  The ghost of jazmu the Tortoise, a veteran FoGl of Okawaru (Depths:3)
  2 golden dragons
  Geryon (Hell)
  Nikola (Elf:2)
  A profane servitor (Crypt:3)
  A bone dragon (Crypt:3)
  19 Brimstone Fiends
  9 liches
  Jorgrun (D:15)
  5 tentacled monstrosities
  4 deep elf blademasters
  2 quicksilver dragons (Vaults:5)
  7 titans (Vaults:5)
  9 ancient champions
  2 deep elf master archers (Elf:3)
  2 tentacled starspawn (Abyss:3)
  Agnes (Elf:1)
  Frances (Swamp:1)
  3 Executioners
  4 thorn hunters
  3 storm dragons
  8 sphinxes
  3 shadow dragons
  3 revenants
  5 tengu reavers
  Kirke (Swamp:1)
  8 frost giants
  4 draconian monks (Depths:5)
  A daeva (Depths:3)
  7 nagarajas (Snake:4)
  3 iron dragons
  16 fire giants
  7 deep elf sorcerers
  6 curse skulls
  14 vault wardens
  The ghost of Tuorhon the Destroyer, a journeyman OpFE of Sif Muna (Depths:4)
  Louise (Swamp:1)
  A caustic shrike zombie (Depths:3)
  An orc warlord (Orc:2)
  9 balrugs
  2 cacodemons
  A deep elf elementalist (Vaults:5)
  8 ghouls
  A draconian stormcaller (Depths:5)
  Aizul (Snake:1)
  2 juggernaut zombies
  12 ironheart preservers
  3 draconian annihilators (Depths:5)
  A juggernaut skeleton (Depths:3)
  7 reapers
  3 war gargoyles (Vaults:5)
  16 very ugly things
  25 stone giants
  A starcursed mass (Abyss:3)
  8 vampire knights
  2 entropy weavers (Vaults:1)
  8 bennus
  3 black draconians
  3 green draconians (Depths:5)
  3 purple draconians (Depths:5)
  Azrael (Elf:2)
  A dire elephant (D:15)
  6 deep elf demonologists
  6 red draconians (Depths:5)
  8 deep elf annihilators
  3 spark wasps (Depths:4)
  A lorocyproca (Hell)
  7 large abominations
  A white draconian (Depths:5)
  9 deep elf death magi
  A green death (Depths:2)
  8 ettins
  8 jiangshi
  2 quicksilver dragon zombies
  20 mummy priests
  20 fire dragons
  15 yaktaur captains
  3 blizzard demons
  The ghost of shugdite the Carver, a journeyman MiMo of Okawaru (D:10)
  A merfolk impaler (Depths:5)
  7 great orbs of eyes
  8 deep elf high priests (Elf:3)
  11 ice dragons
  2 hell beasts (Depths:5)
  6 rakshasas
  Fannar (Lair:1)
  30 hydras
  15 naga warriors
  A quicksilver dragon skeleton (Geh:1)
  3 spriggan air magi
  28 vault guards
  A catoblepas (D:15)
  A shambling mangrove (Swamp:3)
  2 ghost crabs
  51 two-headed ogres
  12 centaur warriors
  12 ogre magi
  15 anacondas
  56 death scarabs
  26 dancing weapons
  14 death yaks
  2 death knights
  12 alligators
  2 anacondas (shapeshifter)
  6 deep troll earth magi
  40 hell hogs
  8 tengu warriors
  10 vampire magi
  6 deep troll shamans
  10 naga sharpshooters
  2 thrashing horrors
  5 spriggan berserkers
  8 shock serpents
  A titan zombie (Crypt:3)
  3 soul eaters
  A storm dragon zombie (Geh:7)
  Sonja (D:10)
  Nergalle (D:10)
  3 orc high priests
  An iron golem (Geh:7)
  37 hell knights
  A sixfirhy (Abyss:1)
  31 deep elf knights
  8 wretched stars (Abyss:3)
  4 shadow wraiths (Crypt:3)
  19 sun demons
  3 iron trolls
  3 salamander mystics (Snake:4)
  A fire crab (Vaults:3)
  2 quicksilver dragon simulacra
  A fire crab (shapeshifter) (Elf:2)
  31 skeletal warriors
  5 unseen horrors
  3 spriggan druids
  4 anaconda zombies
  A torturous demonspawn (Depths:5)
  A ghost moth zombie (Crypt:3)
  2 golden dragon zombies
  2 death drakes
  2 shadow dragon zombies
  7 flayed ghosts
  14 naga ritualists
  2 sea snakes (Vaults:3)
  12 deep trolls
  A shadow demon (Abyss:3)
  9 swamp dragons
  A kraken simulacrum (Hell)
  10 phantasmal warriors
  4 glowing orange brains
  An entropy weaver zombie (Crypt:3)
  The ghost of Quiwnogism the Thaumaturge, a novice FeIE of Sif Muna (D:13)
  8 wizards
  A golden dragon skeleton (Geh:7)
  Pikel (D:6)
  31 deep elf archers
  17 ironbrand convokers
  3 lindwurms
  An anaconda skeleton (Hell)
  11 orc knights
  22 necromancers
  17 mana vipers
  56 ugly things
  2 wolf spider zombies
  6 wolf spiders
  A harpy (shapeshifter) (Vaults:5)
  2 iron dragon zombies
  3 shadow dragon skeletons
  8 orc sorcerers
  122 deep elf magi
  9 harpies
  3 tengu zombies
  4 fire giant zombies
  3 cyclopes
  5 manticores
  8 elephants
  4 stone giant zombies
  7 salamanders
  2 fire giant skeletons
  A moth of wrath (shapeshifter) (Depths:4)
  2 worldbinders (Abyss:3)
  2 iron dragon skeletons
  2 stone giant skeletons
  8 frost giant zombies
  7 ice statues
  23 naga magi
  A frost giant skeleton (Tomb:3)
  11 smoke demons
  2 dire elephant skeletons (Geh:2)
  17 molten gargoyles
  2 rust devils
  A death yak zombie (Crypt:1)
  A titan simulacrum (Hell)
  2 torpor snails (Lair:6)
  15 vault sentinels
  53 black mambas
  9 guardian serpents
  2 eyes of devastation (shapeshifter)
  7 centaur skeletons
  A storm dragon simulacrum (Hell)
  2 spiny frogs (shapeshifter)
  A pale draconian zombie (Crypt:3)
  4 orange demons
  36 yaktaurs
  2 catoblepas zombies
  2 yaktaur zombies (Hell)
  15 spiny frogs
  5 spectral swamp worms (Depths:4)
  A rime drake (shapeshifter) (D:15)
  6 kobold demonologists
  5 komodo dragons
  3 ice devils
  A shock serpent skeleton (Geh:7)
  22 hellions
  3 rime drakes
  6 ancient zymes
  42 guardian mummies
  6 tormentors
  6 efreet
  9 freezing wraiths
  5 tengu conjurers
  2 anaconda simulacra (IceCv)
  A harpy zombie (Crypt:1)
  2 queen bees
  6 trolls
  A sea snake skeleton (Crypt:2)
  10 tyrant leeches
  A jumping spider (Vaults:1)
  22 red devils
  10 hydra zombies
  A queen ant zombie (Crypt:1)
  5 meliai (Abyss:3)
  5 wind drakes (Depths:5)
  9 polar bears (Lair:6)
  2 harpy skeletons
  3 hydra skeletons
  A shadow dragon simulacrum (Hell)
  A sphinx simulacrum (Depths:4)
  20 hornets
  49 slime creatures
  Grinder (D:3)
  4 ettin zombies
  8 bog bodies
  3 raiju (Vaults:3)
  14 blink frogs
  6 hippogriffs
  A fire giant simulacrum (Depths:3)
  3 fire dragon zombies
  2 alligator zombies (Hell)
  3 ice dragon skeletons
  4 ice dragon zombies
  3 hippogriffs (shapeshifter)
  2 black mamba zombies
  2 ettin skeletons
  5 air elementals
  75 flying skulls
  18 spriggans
  A ynoxinul (Depths:2)
  A redback (shapeshifter) (Vaults:1)
  51 yaks
  2 dire elephant simulacra (IceCv)
  10 shadows
  7 water elementals
  6 basilisks
  5 vampires
  3 redbacks
  3 wyverns
  19 ushabtiu
  3 fire bats (Geh:2)
  14 wraiths
  A basilisk (shapeshifter) (Vaults:1)
  35 fire elementals
  3 hogs (Swamp:1)
  An elf zombie (Hell)
  2 golden eyes (Abyss:3)
  12 vampire mosquitoes
  3 steam dragons
  3 hungry ghosts
  A two-headed ogre zombie (WizLab)
  A harpy simulacrum (IceCv)
  2 iron troll simulacra (IceCv)
  8 wargs
  5 insubstantial wisps
  66 nagas
  15 swamp worms
  A swamp worm (shapeshifter) (Vaults:1)
  A spiny frog zombie (Hell)
  2 acid dragons
  2 floating eyes (Depths:5)
  2 hydra simulacra (IceCv)
  A soldier ant (D:14)
  14 water moccasins
  53 hell hounds
  9 porcupines
  An ice beast (shapeshifter) (Vaults:5)
  13 swamp drakes
  6 necrophages
  43 orc warriors
  2 eyes of draining
  A hornet zombie (D:11)
  6 sky beasts
  An ettin simulacrum (Vaults:1)
  9 ice beasts
  11 black bears (Lair:6)
  6 phantoms
  14 boggarts
  A blink frog zombie (Crypt:3)
  2 manticore skeletons
  A manticore zombie (Geh:4)
  13 centaurs
  33 ogres
  13 wolves (Lair:6)
  A tengu (shapeshifter) (Vaults:5)
  3 snapping turtle zombies
  7 crocodiles
  A blink frog skeleton (Crypt:1)
  A swamp dragon skeleton (Geh:2)
  A torpor snail zombie (Crypt:2)
  A rime drake zombie (Crypt:3)
  2 snapping turtle skeletons
  A salamander zombie (Crypt:3)
  8 big kobolds
  A hippogriff zombie (Crypt:1)
  2 gnoll sergeants
  A big kobold (shapeshifter) (Elf:1)
  12 bullfrogs
  An elf skeleton (Crypt:2)
  5 small abominations
  2 human skeletons
  A wyvern skeleton (D:14)
  8 earth elementals
  3 scorpions
  2 spriggan zombies
  A scorpion (shapeshifter) (Vaults:5)
  2 swamp dragon simulacra (Hell)
  6 troll zombies
  A water moccasin skeleton (D:8)
  An orc simulacrum (Vaults:1)
  44 wights
  15 killer bees
  A snapping turtle simulacrum (Hell)
  A queen bee zombie (Crypt:2)
  A troll skeleton (Crypt:1)
  5 howler monkeys
  2 electric eels (Elf:3)
  9 crimson imps
  2 lava snakes (Vaults:3)
  A bullfrog zombie (D:13)
  8 hounds
  A human zombie (Crypt:1)
  A bullfrog skeleton (D:10)
  2 quasits
  7 centaur zombies
  15 orc priests
  2 jellies
  Jessica (D:3)
  3 iguanas
  10 orc wizards
  20 hell rats
  4 lightning spires (Vaults:3)
  17 worker ants
  2 porcupine skeletons (Crypt:3)
  7 ogre zombies (WizLab)
  A felid skeleton (Crypt:3)
  A tengu skeleton (Geh:7)
  2 hound skeletons
  61 mummies
  2 howler monkey skeletons (D:11)
  8 gnolls
  A scorpion zombie (Crypt:2)
  5 adders (D:11)
  6 shadow imps
  6 white imps
  2 oozes
  A lava snake zombie (Crypt:2)
  An adder skeleton (D:10)
  An iguana skeleton (Crypt:2)
  A barachi skeleton (Crypt:2)
  3 dart slugs
  2 leopard geckos
  77 orcs
  7 giant cockroaches
  A gnoll zombie (Ossuary)
  7 goblins
  8 hobgoblins
  10 jackals
  2 quokkas
  3 ball pythons
  A ball python skeleton (Crypt:3)
  A ball python zombie (Crypt:1)
  8 bats
  A frilled lizard (D:1)
  A hobgoblin skeleton (Crypt:1)
  A hobgoblin zombie (Ossuary)
  13 kobolds
  2 kobold zombies (Ossuary)
  A leopard gecko skeleton (Crypt:1)
  A leopard gecko zombie (D:5)
  4 orc zombies (Ossuary)
  A quokka zombie (D:5)
  5 rats
  9 briar patches
  3 crawling corpses (Elf:3)
  2 fire vortices (Geh:2)
  A lurking horror (Abyss:3)
  2 starspawn tentacles (Abyss:3)
  A tentacle (Hell)
3185 creatures vanquished.

Vanquished Creatures (collateral kills)
  A greater mummy (Tomb:3)
  A mummy priest (Tomb:3)
  8 death scarabs
  A skeletal warrior (Tomb:3)
  7 guardian mummies
  A harpy zombie (Tomb:3)
  2 ushabtiu
  An ettin skeleton (Tomb:2)
  5 mummies
27 creatures vanquished.

Vanquished Creatures (others)
  An ironheart preserver (Vaults:5)
  A stone giant (Vaults:5)
  Nessos (Lair:6)
  3 yaktaur captains
  A vault guard (Vaults:5)
  A shock serpent (Vaults:3)
  3 deep elf archers
  A lindwurm (Depths:5)
  A wizard (Vaults:3)
  A deep elf mage (Elf:3)
  A cyclops (Vaults:1)
  A guardian serpent (Snake:4)
  A molten gargoyle (Geh:7)
  3 yaktaurs
  A hornet (Swamp:2)
  A blink frog (Swamp:4)
  A vampire (Swamp:1)
  A spriggan (Swamp:1)
  A basilisk (shapeshifter) (Elf:3)
  A warg (Vaults:4)
  2 swamp drakes
  An ice beast (D:7)
  An ogre (Vaults:4)
  4 centaurs
  2 killer bees (Abyss:3)
  3 wights (Geh:2)
  A bullfrog zombie (D:6)
  A shadow imp (D:14)
  2 ball lightnings (Vaults:3)
  2 orcs (Orc:1)
  3 briar patches
  2 bushes
  9 fungi
  19 plants
  4 starspawn tentacles (Abyss:3)
  5 tentacles (Hell)
87 creatures vanquished.

Grand Total: 3299 creatures vanquished

Notes
Turn   | Place    | Note
-------+----------+-------------------------------------------
     0 | D:1      | shadizar the Gargoyle Fighter began the quest for the Orb.
     0 | D:1      | Reached XP level 1. HP: 14/14 MP: 1/1
    81 | D:1      | Reached XP level 2. HP: 11/19 MP: 2/2
   329 | D:1      | Reached XP level 3. HP: 23/23 MP: 3/3
   845 | D:2      | Reached skill level 4 in Fighting
   871 | D:2      | Noticed a big kobold
   881 | D:2      | Killed a big kobold
   881 | D:2      | Reached XP level 4. HP: 30/30 MP: 4/4
   881 | D:2      | Reached XP level 5. HP: 34/34 MP: 5/5
   930 | D:2      | Reached skill level 5 in Fighting
  1523 | D:3      | Noticed Jessica
  1531 | D:3      | Killed Jessica
  1861 | D:3      | Noticed Grinder
  1862 | D:3      | Paralysed by Grinder for 6 turns
  1887 | D:3      | Killed Grinder
  1887 | D:3      | Reached skill level 6 in Fighting
  1887 | D:3      | Reached XP level 6. HP: 11/42 MP: 6/6
  2147 | D:3      | Noticed Purgy
  2371 | D:4      | Reached XP level 7. HP: 44/47 MP: 7/7
  2457 | D:4      | Reached skill level 7 in Fighting
  2539 | D:4      | Found a sand-covered staircase.
  2547 | Ossuary  | Entered an ossuary
  2841 | D:4      | Reached skill level 5 in Maces & Flails
  2924 | D:4      | Found a radiant altar of Vehumet.
  3495 | D:5      | Entered Level 5 of the Dungeon
  3499 | D:5      | Found a staircase to the Ecumenical Temple.
  3523 | Temple   | Entered the Ecumenical Temple
  3866 | D:5      | Reached skill level 8 in Fighting
  3910 | D:5      | Noticed a two-headed ogre
  3921 | D:5      | Killed a two-headed ogre
  3921 | D:5      | Reached skill level 9 in Fighting
  3921 | D:5      | Reached XP level 8. HP: 49/57 MP: 8/8
  4291 | D:5      | Reached skill level 1 in Dodging
  4291 | D:5      | Reached XP level 9. HP: 52/62 MP: 9/9
  4619 | D:5      | Got a transparent silver ring
  4977 | D:5      | Identified the ring of Ugissemp {+Fly rPois Str+2 Int+4}
                  | (You found it on level 5 of the Dungeon)
  5072 | D:6      | Reached skill level 10 in Fighting
  5339 | D:6      | Noticed Pikel
  5351 | D:6      | Killed Pikel
  5384 | D:6      | Reached skill level 5 in Shields
  5479 | D:6      | Found a glowing golden altar of the Shining One.
  5489 | D:6      | Became a worshipper of the Shining One
  5592 | D:6      | Reached skill level 5 in Armour
  5776 | D:7      | Found a glowing silver altar of Zin.
  5776 | D:7      | Found a shimmering altar of Xom.
  5776 | D:7      | Noticed an angel
  5938 | D:7      | Reached skill level 1 in Invocations
  6007 | D:7      | Found Cuogy's Armour Shoppe.
  6011 | D:7      | Bought a +2 cloak for 231 gold pieces
  6090 | D:7      | Noticed a troll
  6104 | D:7      | Killed a troll
  6434 | D:8      | Reached XP level 10. HP: 68/68 MP: 11/11
  6462 | D:8      | Noticed a death yak
  6465 | D:8      | Found a staircase to the Lair.
  6465 | D:8      | Noticed a death yak
  6474 | D:8      | Noticed a death yak
  6479 | D:8      | Killed a death yak
  6685 | D:7      | Killed a death yak
  6901 | D:8      | Reached * piety under the Shining One
  7237 | D:8      | Killed a death yak
  7237 | D:8      | Reached skill level 11 in Fighting
  7684 | D:9      | Found a staircase to the Orcish Mines.
  7704 | D:9      | Reached XP level 11. HP: 63/74 MP: 14/14
  8125 | D:9      | Found an opulent altar of Gozag.
  8219 | D:9      | Found a stormy altar of Qazlal.
  8260 | D:9      | Reached ** piety under the Shining One
  8405 | D:10     | Entered Level 10 of the Dungeon
  8453 | D:10     | Reached skill level 5 in Invocations
  8496 | D:10     | Noticed shugdite's ghost (journeyman MiMo)
  8515 | D:10     | Noticed Sonja
  8597 | Lair:1   | Entered Level 1 of the Lair of Beasts
  8824 | Lair:1   | Reached skill level 5 in Dodging
  8846 | Lair:1   | Noticed Fannar
  8861 | Lair:1   | Killed Fannar
  9546 | Lair:2   | Reached XP level 12. HP: 74/81 MP: 16/16
  9844 | Lair:2   | Reached skill level 12 in Fighting
  9991 | Lair:2   | Found a staircase to the Swamp.
 10461 | Lair:3   | Found a staircase to the Snake Pit.
 10492 | Lair:3   | Noticed a seven-headed hydra
 10503 | Lair:3   | Killed a seven-headed hydra
 11046 | Lair:3   | Noticed a five-headed hydra
 11055 | Lair:3   | Killed a five-headed hydra
 11838 | Lair:4   | Reached skill level 10 in Maces & Flails
 11895 | Lair:4   | Noticed a four-headed hydra
 11904 | Lair:4   | Killed a four-headed hydra
 11973 | Lair:4   | Reached XP level 13. HP: 59/87 MP: 16/18
 13133 | Lair:5   | Reached skill level 10 in Shields
 13251 | Lair:5   | Reached skill level 10 in Armour
 13838 | Lair:6   | Entered Level 6 of the Lair of Beasts
 13866 | Lair:5   | Reached skill level 13 in Fighting
 14240 | Lair:6   | Reached *** piety under the Shining One
 14603 | Lair:6   | Gained mutation: Your large and strong wings let you fly
                  | indefinitely. [Gargoyle growth]
 14603 | Lair:6   | Reached XP level 14. HP: 86/94 MP: 20/20
 15018 | Lair:6   | Noticed Nessos
 15022 | Lair:6   | Killed Nessos
 15199 | Lair:6   | Reached **** piety under the Shining One
 15867 | Orc:1    | Entered Level 1 of the Orcish Mines
 16012 | Orc:2    | Entered Level 2 of the Orcish Mines
 16015 | Orc:2    | Found Ihaseiv's Antique Armour Boutique.
 16275 | Orc:2    | Bought a pair of glowing boots for 195 gold pieces
 16287 | Orc:2    | Identified a +0 pair of boots of running (You bought it in
                  | a shop on level 2 of the Orcish Mines)
 16356 | Orc:2    | Noticed an orc warlord
 16491 | Orc:2    | Killed an orc warlord
 16516 | Orc:2    | Found Ennaoh's Antique Weapon Emporium.
 16819 | Orc:2    | Reached skill level 10 in Invocations
 17459 | Orc:2    | Found Gekuec's General Store.
 17478 | Orc:2    | Found Lezun's Jewellery Emporium.
 17481 | Orc:2    | Found a staircase to the Elven Halls.
 18354 | D:10     | Killed Sonja
 18579 | D:10     | Found a transporter.
 18582 | D:10     | Found a transporter.
 18747 | D:10     | Noticed Nergalle
 18764 | D:10     | Killed Nergalle
 19056 | D:10     | Killed shugdite's ghost
 19056 | D:10     | Reached XP level 15. HP: 33/100 MP: 11/22
 19072 | D:10     | Got a shimmering dagger
 19370 | D:11     | Reached skill level 14 in Fighting
 19550 | D:11     | Reached ***** piety under the Shining One
 21657 | D:13     | Got a pitted leather armour
 22016 | D:13     | Found a runed translucent door.
 22016 | D:13     | Found a shimmering altar of Xom.
 22016 | D:13     | Noticed Quiwnogism's ghost (novice FeIE)
 22035 | D:13     | Killed Quiwnogism's ghost
 22180 | D:14     | Identified the +2 dagger of the Middle {drain, MR++ Str-4}
                  | (You found it on level 10 of the Dungeon)
 22547 | D:14     | Found a gate to the Vaults.
 22693 | D:14     | Reached ****** piety under the Shining One
 22820 | D:14     | Identified the +6 longbow of Umouju {venom, rF+ Int+4}
 22821 | D:14     | Found the +5 robe of Night {Dark MR+ SInv}
 22909 | D:14     | Reached XP level 16. HP: 94/107 MP: 24/24
 22928 | D:14     | Found the +6 shillelagh "Devastator" {shatter}
 23169 | D:15     | Entered Level 15 of the Dungeon
 23379 | D:15     | Found a staircase to the Depths.
 23806 | D:15     | Identified Roxanne's Handbook of the Rocks
 23806 | D:15     | Noticed Roxanne
 23814 | D:15     | Noticed Jorgrun
 23825 | D:15     | Killed Jorgrun
 24222 | Swamp:1  | Entered Level 1 of the Swamp
 24252 | Swamp:1  | Noticed Frances
 24285 | Swamp:1  | Killed Frances
 24622 | Swamp:1  | Noticed a thorn hunter
 24632 | Swamp:1  | Reached skill level 15 in Fighting
 24635 | Swamp:1  | Killed a thorn hunter
 24670 | Swamp:1  | Noticed Louise
 24704 | Swamp:1  | Killed Louise
 24725 | Swamp:1  | Noticed Kirke
 24734 | Swamp:1  | Killed Kirke
 25036 | Swamp:2  | Found a shadowy altar of Dithmenos.
 25057 | Swamp:2  | Noticed a thorn hunter
 25083 | Swamp:1  | Killed a thorn hunter
 25083 | Swamp:1  | Reached skill level 10 in Dodging
 25960 | Swamp:3  | Reached XP level 17. HP: 63/113 MP: 26/26
 25987 | Swamp:3  | Found a frozen archway.
 26011 | Swamp:3  | Identified the cursed +0 leather armour of Least Resistance
                  | {rC++} (You found it on level 13 of the Dungeon)
 26078 | IceCv    | Entered an ice cave
 27668 | Swamp:4  | Entered Level 4 of the Swamp
 27668 | Swamp:4  | Noticed Mara
 27682 | Swamp:4  | Noticed shadizar's illusion
 27704 | Swamp:4  | Killed Mara
 27713 | Swamp:4  | Identified a +3 sacred scourge of holy wrath (a +1 demon
                  | whip of electrocution blessed by the Shining One)
 27713 | Swamp:4  | Received a gift from the Shining One
 28022 | Swamp:4  | Got a dazzling ring mail
 28394 | Swamp:4  | Noticed the 27-headed Lernaean hydra
 28411 | Swamp:4  | Killed the 27-headed Lernaean hydra
 28785 | Swamp:4  | Got a decaying rune of Zot
 29421 | Snake:1  | Entered Level 1 of the Snake Pit
 29449 | Snake:1  | Reached XP level 18. HP: 98/120 MP: 27/27
 29701 | Lair:3   | Reached skill level 16 in Fighting
 30113 | Snake:1  | Noticed Aizul
 30128 | Snake:1  | Killed Aizul
 31845 | Snake:3  | Found a shimmering altar of Xom.
 32748 | Snake:4  | Entered Level 4 of the Snake Pit
 32936 | Snake:4  | Reached XP level 19. HP: 127/127 MP: 29/29
 33641 | Snake:4  | Reached skill level 15 in Shields
 33661 | Snake:4  | Reached skill level 15 in Armour
 34063 | Snake:4  | Got a serpentine rune of Zot
 34558 | Vaults:1 | Entered Level 1 of the Vaults
 34579 | Vaults:1 | Reached skill level 17 in Fighting
 34609 | Vaults:1 | Reached skill level 15 in Maces & Flails
 35112 | Vaults:1 | Found Lass's Book Boutique.
 35115 | Vaults:1 | Found Futzop's Antique Weapon Emporium.
 35421 | Vaults:1 | Found Pekedgh's Food Shop.
 35687 | Vaults:1 | Reached XP level 20. HP: 117/134 MP: 30/30
 35800 | Vaults:1 | Found Buicemuo's Antique Armour Boutique.
 35809 | Vaults:1 | Bought a shiny helmet for 367 gold pieces
 35809 | Vaults:1 | Bought a runed helmet for 367 gold pieces
 35850 | Vaults:1 | Identified the +4 ring mail "Elew" {Int+5 Dex+2} (You found
                  | it on level 4 of the Swamp)
 38339 | Vaults:2 | Found a staircase to the Crypt.
 38582 | Vaults:3 | Found a runed translucent gate.
 38582 | Vaults:3 | Found a runed translucent gate.
 38582 | Vaults:3 | Found a runed translucent gate.
 38583 | Vaults:3 | Found an opulent altar of Gozag.
 38583 | Vaults:3 | Noticed Synox's ghost (legendary FoFi)
 39228 | Vaults:3 | Reached skill level 18 in Fighting
 39228 | Vaults:3 | Reached XP level 21. HP: 141/141 MP: 31/31
 39624 | Vaults:3 | Identified the Incunabulum of Lightness
 39937 | Vaults:3 | Cast into level 3 of the Abyss (a wizard)
 40055 | Abyss:3  | Found a corrupted altar of Lugonu.
 40231 | Vaults:3 | Escaped the Abyss
 40306 | Vaults:3 | Identified the Papyrus of Contamination
 40479 | Vaults:3 | Identified the Collected Works on Heat
 41342 | Vaults:4 | Found Conkus's Distillery.
 41350 | Vaults:4 | Bought a potion of heal wounds for 75 gold pieces
 41350 | Vaults:4 | Bought a potion of heal wounds for 75 gold pieces
 41777 | Vaults:5 | Entered Level 5 of the Vaults
 41867 | Vaults:5 | Reached XP level 22. HP: 78/148 MP: 32/32
 42124 | Vaults:5 | Identified the +2 rapier of the Desert {venom, rF++ Int-5
                  | SInv}
 42152 | Vaults:5 | Identified the +4 broad axe of Floods {speed, rC+ Str+4
                  | Dex+4}
 42169 | Vaults:5 | Reached skill level 19 in Fighting
 42355 | Vaults:5 | Noticed a golden dragon
 42371 | Vaults:5 | Killed a golden dragon
 42815 | Vaults:5 | Found Ziobayf's Antique Armour Shoppe.
 42868 | Vaults:5 | Cast into level 2 of the Abyss (a deep elf sorcerer)
 42895 | Abyss:2  | Found a corrupted altar of Lugonu.
 42946 | Vaults:5 | Escaped the Abyss
 43467 | Vaults:5 | Got a silver rune of Zot
 43481 | Vaults:5 | Identified the cursed +1 shortbow of Ciputu {freeze, Int+4
                  | Dex+3}
 43509 | Vaults:5 | Reached XP level 23. HP: 155/155 MP: 33/33
 44540 | Vaults:5 | Got a twisted chain mail
 44884 | Vaults:5 | Identified 2 scrolls of acquirement
 44898 | Vaults:5 | Identified the cursed +1 chain mail of the Moon Troll {rN+}
                  | (You found it on level 5 of the Vaults)
 45269 | Elf:1    | Entered Level 1 of the Elven Halls
 45915 | Elf:1    | Found Tixziaf's Armour Boutique.
 45923 | Elf:1    | Bought the +1 cloak of Starlight {rElec rC+ EV+4 Stlth--}
                  | for 712 gold pieces
 45923 | Elf:1    | Found the +1 cloak of Starlight {rElec rC+ EV+4 Stlth--}
 45939 | Elf:1    | Found Hyij's Assorted Antiques.
 45941 | Elf:1    | Found Wuohor's Assorted Antiques.
 45962 | Elf:1    | Bought a scroll of blinking for 285 gold pieces
 46098 | Elf:1    | Found Yhuwy's Jewellery Shop.
 46117 | Elf:1    | Noticed Agnes
 46129 | Elf:1    | Killed Agnes
 46377 | Elf:2    | Noticed Nikola
 46410 | Elf:2    | Killed Nikola
 46433 | Elf:2    | Found a runed translucent gate.
 46449 | Elf:2    | Found a runed translucent gate.
 46449 | Elf:2    | Found a runed translucent gate.
 47024 | Elf:2    | Reached skill level 20 in Fighting
 47177 | Elf:2    | Noticed Azrael
 47193 | Elf:2    | Killed Azrael
 47207 | Elf:2    | Reached XP level 24. HP: 156/163 MP: 29/33
 47642 | Elf:3    | Entered Level 3 of the Elven Halls
 47829 | Elf:3    | Reached skill level 15 in Dodging
 48162 | Elf:3    | Found Yruloel's Jewellery Shoppe.
 48955 | Elf:3    | Identified the +6 spear "Gidwedukk" {flame, rElec rPois
                  | rN+++ Str-2}
 48995 | Elf:3    | Identified the +4 war axe of Wiro {distort, +Blink rC+
                  | Str+3}
 49150 | Elf:3    | Got an ichor-stained cloak
 49204 | Elf:3    | Identified the Papyrus of Black Arts
 49243 | Elf:3    | Identified the +9 short sword of Qazlal's Generosity
                  | {flame, rN+}
 49335 | Elf:3    | Got a jewelled long sword
 49473 | Elf:3    | Identified the Handbook of Creative Confrontation
 49526 | Elf:3    | Identified a +1 pair of boots of running (You found it on
                  | level 3 of the Elven Halls)
 49558 | Elf:3    | Identified the +2 cloak "Paba" {rF++ Str-5 Slay+2 SInv}
                  | (You found it on level 3 of the Elven Halls)
 49572 | Elf:3    | Identified the +11 long sword of the Owl {elec, rN+} (You
                  | found it on level 3 of the Elven Halls)
 49827 | Depths:1 | Entered Level 1 of the Depths
 49868 | Depths:1 | Found a gateway to Hell.
 50294 | Depths:1 | Found Jibridou's Armour Boutique.
 50294 | Depths:1 | Found Edyhod's Jewellery Shop.
 50337 | Depths:1 | Bought the ring of Cucocrawn {MR++ Int+3 Dex+3 Stlth-} for
                  | 532 gold pieces
 50958 | Depths:2 | Reached XP level 25. HP: 157/169 MP: 33/33
 50997 | Depths:1 | Reached skill level 1 in Evocations
 51140 | Depths:2 | Found a one-way gate to the infinite horrors of the Abyss.
 51163 | Depths:2 | Found a magical portal.
 51383 | WizLab   | Noticed an antique lich
 51394 | WizLab   | Killed an antique lich
 51429 | WizLab   | Found the +9 sword of Zonguldrok {reap}
 51595 | Depths:2 | Found Cipog's Serpentskin Sales.
 51651 | Depths:2 | Found a shattered altar of Ashenzari.
 51792 | Depths:2 | Found Ownepuuruc's Jewellery Shop.
 51792 | Depths:2 | Found Baesoxt's Gadget Emporium.
 51793 | Depths:2 | Found Setum Weum's Gadget Emporium.
 51888 | Depths:2 | Found a runed translucent door.
 51897 | Depths:2 | Found a runed translucent door.
 51910 | Depths:2 | Identified Qeqastri's Papyrus of Flying Stones
 51980 | Depths:2 | Found a burning altar of Makhleb.
 51997 | Depths:2 | Got an ancient silver ring
 52251 | Depths:2 | Reached skill level 21 in Fighting
 52471 | Depths:3 | Reached skill level 15 in Invocations
 52568 | Depths:3 | Found a glowing golden altar of the Shining One.
 52964 | Depths:3 | Found a corrupted altar of Lugonu.
 53356 | Depths:3 | Found a runed translucent gate.
 53356 | Depths:3 | Found a runed translucent gate.
 53356 | Depths:3 | Found a runed translucent gate.
 53356 | Depths:3 | Noticed jazmu's ghost (veteran FoGl)
 53378 | Depths:3 | Killed jazmu's ghost
 53408 | Depths:3 | Found a one-way gate leading to the halls of Pandemonium.
 53720 | Depths:3 | Identified the ring "Pyssemya" {rElec rPois rC+ MR+ Int+2}
                  | (You found it on level 2 of the Depths)
 53809 | Depths:4 | Found Egomiqus's Weapon Emporium.
 53963 | Depths:4 | Reached XP level 26. HP: 161/177 MP: 34/34
 54037 | Depths:4 | Found Rouxuts's General Store.
 54042 | Depths:4 | Found a runed translucent door.
 54053 | Depths:4 | Noticed Mennas
 54166 | Depths:3 | Killed Mennas
 54166 | Depths:3 | Reached skill level 5 in Evocations
 54412 | Depths:4 | Found Guwnibb's Antique Armour Shoppe.
 54417 | Depths:4 | Bought an embroidered cloak for 315 gold pieces
 54417 | Depths:4 | Bought a pair of runed gloves for 315 gold pieces
 54438 | Depths:4 | Found a gateway to a ziggurat.
 54547 | Depths:4 | Got an ichor-stained bardiche
 54555 | Depths:4 | Found Zaesikisch's Armour Shoppe.
 54562 | Depths:4 | Found Moplapul's Jewellery Boutique.
 55245 | Depths:4 | Got a shimmering flail
 55255 | Depths:4 | Found the +2 pair of boots of the Assassin {Detection Stab+
                  | Stlth++}
 55483 | Depths:4 | Noticed Tuorhon's ghost (journeyman OpFE)
 55492 | Depths:4 | Killed Tuorhon's ghost
 55499 | Depths:4 | Got a faintly glowing zirconium amulet
 55519 | Depths:4 | Identified the amulet of Xom's Vengeance {Faith *Drain rC+
                  | SInv} (You found it on level 4 of the Depths)
 55521 | Depths:4 | Identified the +9 flail of Xoggilam {crush, rF- rN+++ Str-5
                  | Int+8} (You found it on level 4 of the Depths)
 55524 | Depths:4 | Identified the +5 bardiche "Cicseud" {protect, rF- Int+4
                  | Dex+4} (You found it on level 4 of the Depths)
 55539 | Depths:5 | Entered Level 5 of the Depths
 55552 | Depths:5 | Paralysed by a floating eye for 3 turns
 55564 | Depths:5 | Paralysed by a floating eye for 2 turns
 55576 | Depths:5 | Paralysed by a floating eye for 3 turns
 55683 | Depths:5 | Paralysed by a floating eye for 2 turns
 57113 | Depths:5 | Found a gate to the Realm of Zot.
 57185 | Depths:5 | Reached XP level 27. HP: 166/184 MP: 34/34
 57288 | Depths:5 | Voluntarily entered the Abyss.
 57566 | Abyss:3  | Gained mutation: You are frail. (-10% HP) [a cacodemon]
 57569 | Abyss:3  | Gained mutation: You are weak. (Str -2) [a cacodemon]
 57741 | Abyss:3  | Got an abyssal rune of Zot
 57863 | Depths:5 | Escaped the Abyss
 58084 | Crypt:1  | Entered Level 1 of the Crypt
 58368 | Crypt:1  | Reached skill level 22 in Fighting
 58417 | Crypt:1  | Found the +3 giant club "Skullcrusher" {speed, Str+7}
 59132 | Crypt:2  | Got a pair of brightly glowing boots
 59587 | Crypt:2  | Identified the +2 pair of boots "Saraorr" {*Contam Regen+
                  | MP+9 Dex+4} (You found it on level 2 of the Crypt)
 59609 | Crypt:3  | Entered Level 3 of the Crypt
 59609 | Crypt:3  | Found a staircase to the Tomb.
 60091 | Crypt:3  | Identified Ulyuf's Almanac of Stolen Souls
 60341 | Crypt:3  | Found an ancient bone altar of Kikubaaqudgha.
 60342 | Crypt:3  | Found a basalt altar of Yredelemnul.
 60455 | Crypt:3  | Got a smoking steel amulet
 60455 | Crypt:3  | Got a vibrating brass amulet
 60455 | Crypt:3  | Got a slimy ivory ring
 60664 | Crypt:3  | Identified the amulet of Music {Regen+ Dex+2} (You found it
                  | on level 3 of the Crypt)
 60666 | Crypt:3  | Identified the amulet "Omutiygh" {rC+ Regen+ SInv} (You
                  | found it on level 3 of the Crypt)
 60667 | Crypt:3  | Identified the ring of Benevolence {+Blink rElec rN+ Str+3}
                  | (You found it on level 3 of the Crypt)
 60719 | Tomb:1   | Entered Level 1 of the Tomb of the Ancients
 60936 | Tomb:1   | Noticed a greater mummy
 61026 | Tomb:1   | Killed a greater mummy
 61847 | Tomb:2   | Noticed a greater mummy
 61852 | Tomb:2   | Noticed a greater mummy
 61852 | Tomb:2   | Noticed a greater mummy
 61902 | Tomb:2   | Killed a greater mummy
 61915 | Tomb:2   | Killed a greater mummy
 61945 | Tomb:2   | Killed a greater mummy
 61966 | Tomb:2   | Noticed a greater mummy
 61974 | Tomb:2   | Killed a greater mummy
 62374 | Tomb:1   | Noticed a greater mummy
 62391 | Tomb:1   | Killed a greater mummy
 62506 | Tomb:1   | Noticed a greater mummy
 62509 | Tomb:1   | Noticed a greater mummy
 62513 | Tomb:1   | Noticed a greater mummy
 62521 | Tomb:1   | Killed a greater mummy
 62525 | Tomb:1   | Noticed a greater mummy
 62547 | Tomb:1   | Killed a greater mummy
 62557 | Tomb:1   | Killed a greater mummy
 62557 | Tomb:1   | Reached skill level 10 in Evocations
 62568 | Tomb:1   | Killed a greater mummy
 62728 | Tomb:1   | Noticed a greater mummy
 62784 | Tomb:1   | Killed a greater mummy
 62815 | Tomb:1   | Noticed a greater mummy
 62828 | Tomb:1   | Killed a greater mummy
 62835 | Tomb:1   | Noticed a greater mummy
 62837 | Tomb:1   | Noticed a greater mummy
 62847 | Tomb:1   | Killed a greater mummy
 62857 | Tomb:1   | Killed a greater mummy
 62889 | Tomb:1   | Noticed a greater mummy
 62928 | Tomb:1   | Killed a greater mummy
 62994 | Tomb:1   | Noticed a greater mummy
 62994 | Tomb:1   | Noticed a greater mummy
 63002 | Tomb:1   | Killed a greater mummy
 63003 | Tomb:1   | Noticed a greater mummy
 63008 | Tomb:1   | Noticed a greater mummy
 63013 | Tomb:1   | Killed a greater mummy
 63014 | Tomb:1   | Noticed a greater mummy
 63021 | Tomb:1   | Killed a greater mummy
 63029 | Tomb:1   | Killed a greater mummy
 63040 | Tomb:1   | Killed a greater mummy
 63121 | Tomb:1   | Noticed a greater mummy
 63132 | Tomb:1   | Killed a greater mummy
 63143 | Tomb:1   | Noticed a greater mummy
 63143 | Tomb:1   | Noticed a greater mummy
 63152 | Tomb:1   | Noticed a greater mummy
 63157 | Tomb:1   | Killed a greater mummy
 63164 | Tomb:1   | Killed a greater mummy
 63318 | Tomb:1   | Killed a greater mummy
 63318 | Tomb:1   | Reached skill level 23 in Fighting
 63437 | Tomb:1   | Noticed a greater mummy
 63452 | Tomb:1   | Killed a greater mummy
 63474 | Tomb:1   | Noticed a greater mummy
 63488 | Tomb:1   | Killed a greater mummy
 64728 | Tomb:3   | Entered Level 3 of the Tomb of the Ancients
 64740 | Tomb:3   | Noticed a greater mummy
 64779 | Tomb:3   | Noticed a greater mummy
 64781 | Tomb:3   | Noticed a greater mummy
 64789 | Tomb:3   | Killed a greater mummy
 64793 | Tomb:3   | Killed a greater mummy
 64794 | Tomb:3   | Noticed a greater mummy
 64796 | Tomb:3   | Killed a greater mummy
 64799 | Tomb:3   | Noticed a greater mummy
 64801 | Tomb:3   | Noticed a greater mummy
 64815 | Tomb:3   | Killed a greater mummy
 64817 | Tomb:3   | Killed a greater mummy
 64818 | Tomb:3   | Noticed a greater mummy
 64864 | Tomb:3   | Noticed a greater mummy
 64871 | Tomb:3   | Noticed a greater mummy
 64879 | Tomb:3   | Killed a greater mummy
 64881 | Tomb:3   | Killed a greater mummy
 64888 | Tomb:3   | Killed a greater mummy
 64915 | Tomb:3   | Got a golden rune of Zot
 65078 | Tomb:3   | Killed a greater mummy
 65234 | Tomb:3   | Got a fine long sword
 65279 | Tomb:3   | Got a shimmering copper amulet
 65407 | Tomb:3   | Identified Vehumet's Compendium of Arcane Weapons
 65432 | Tomb:3   | Identified the Reference Book on Evil Rituals and Beguiling
 65455 | Tomb:3   | Got a steaming tin ring
 65931 | Depths:4 | Identified the +7 long sword of the Distant Future {elec,
                  | rC++ Int+2 Stlth+} (You found it on level 3 of the Tomb of
                  | the Ancients)
 65932 | Depths:4 | Identified the ring "Wufexas" {rN+ Str+2 Int+3 SInv Stlth-}
                  | (You found it on level 3 of the Tomb of the Ancients)
 65933 | Depths:4 | Identified the amulet of the Establishment {Inacc *Drain
                  | rElec rC+ Int+9} (You found it on level 3 of the Tomb of
                  | the Ancients)
 65952 | Hell     | Entered the Vestibule of Hell
 65952 | Hell     | Noticed Geryon
 66048 | Hell     | Killed Geryon
 66097 | Hell     | Found a gateway to the Iron City of Dis.
 66294 | Hell     | Found a gateway to the decaying netherworld of Tartarus.
 66397 | Hell     | Found a gateway to the freezing wastes of Cocytus.
 66689 | Hell     | Found a gateway to the ashen valley of Gehenna.
 66934 | Geh:1    | Entered Level 1 of Gehenna
 68007 | Geh:7    | Entered Level 7 of Gehenna
 68791 | Geh:7    | Reached skill level 24 in Fighting
 69606 | Geh:7    | Identified the +7 sceptre of Asmodeus
 69606 | Geh:7    | Noticed Asmodeus
 69618 | Geh:7    | HP: 7/171 [Asmodeus/damnation (12)]
 69618 | Geh:7    | Killed from afar by a hellion

Levels and vault maps discovered:
D:1:      lightli_arrival_noodles, layout_loops_ring, minmay_hexomino_u4
D:2:      layout_basic, st_stairs_10, roderic_serpentine_path
D:3:      layout_loops_corners, gammafunk_temple_overflow_elements,
          uniq_grinder, uniq_jessica, uniq_purgy
D:4:      layout_layer_cave, first_ration, chequers_ossuary_entry_cave,
          lemuel_statue_altar
D:5:      kennysheep_steamy, layout_cave_pods, temple_fountains
D:6:      layout_loops_corners, marbit_many_paths, uniq_pikel
D:7:      layout_loops_ring, grunt_temple_overflow_order_and_chaos_1,
          serial_shops, shop
D:8:      layout_loops_ring, dpeg_lair_monsters, grunt_ogre_cave,
          lightli_corner_chamber
D:9:      layout_stronghold, nicolae_qazlal_style_of_elements,
          old_standard_altar, kennysheep_orc_monster_closet_entryway,
          hangedman_decor_opposing
D:10:     layout_loops_cross, gammafunk_ghost_hive, minivault_27, uniq_sonja,
          uniq_nergalle
D:11:     hangedman_cross_stitches, layout_stronghold, lightli_fourway_metalbox
D:12:     layout_loops_ring
D:13:     layout_loops_ring, ebering_ghost_xom
D:14:     layout_gridville, david_vaults_5, infiniplex_staircase_hallway_doors,
          minmay_the_grid_square_5x5_3x3_mashed
          [minmay_the_grid_square_5x5_two_walls_b,
          minmay_the_grid_square_5x5_gyroscope, minmay_the_grid_square_5x5_two,
          minmay_the_grid_square_5x5_broken_cross,
          minmay_the_grid_square_5x5_megaprize_open,
          minmay_the_grid_square_5x5_spiral_small,
          minmay_the_grid_square_5x5_trominoes,
          minmay_the_grid_square_5x5_three_walls,
          minmay_the_grid_square_5x5_fat_x]
D:15:     hangedman_depths_entry_try_elsewhere_first, layout_irregular_city,
          minmay_strange_pillars, uniq_roxanne, uniq_jorgrun
Temple:   bh_familiar_temple
Lair:1:   layout_regular_city, st_stairs_6, serial_bayou_pond_c,
          serial_bayou_lagoon_a, infiniplex_staircase_pool, uniq_fannar
Lair:2:   layout_chaotic_city, swamp_mist_pool, minmay_hedge_maze
Lair:3:   layout_layer_cave, dummy_snake_entry
Lair:4:   layout_small_grid
Lair:5:   layout_gridlike, serial_rivers, chequers_serial_rivers_large_a,
          chequers_serial_rivers_micro_e, chequers_serial_rivers_small_a,
          chequers_serial_rivers_micro_b, chequers_serial_rivers_small_b,
          chequers_serial_rivers_micro_c
Lair:6:   hangedman_lair_caniforms_friends, layout_cave_pods,
          minmay_slime_entry_oklob_open, st_stairs_11,
          chequers_serial_rivers_micro_d, lemuel_fruit_tree, uniq_nessos
Swamp:1:  layout_basic_swamp, evilmike_swamp_ruin_house_4,
          cheibrodos_swamp_pet_leeches, uniq_frances, uniq_louise, uniq_kirke
Swamp:2:  layout_basic_swamp, basic_altar
Swamp:3:  layout_basic_swamp, portal_ice_cave_entry_pillars_three,
          nicolae_swamp_very_dense_foliage, swamp_pool1
Swamp:4:  swamp_old_school, layout_basic_swamp, swamp_pool3, uniq_mara
Snake:1:  layout_grid_shapes, nicolae_snake_squiggles, grunt_megastairs_2,
          uniq_aizul
Snake:2:  layout_cave_shapes
Snake:3:  layout_gridlike, basic_altar
Snake:4:  johnstein_snake_rune_scales, layout_onion, nicolae_snake_linked_coils
Orc:1:    layout_diamond_mine, nicolae_orc_tapped_out
Orc:2:    grunt_orc_gardens, layout_diamond_mine, grunt_orc_garden,
          grunt_orc_garden, grunt_orc_garden, grunt_orc_garden, mines3_lemuel
Elf:1:    minmay_elf_arrival_circle, layout_loops_cross, serial_shops, shop,
          shop, shop, nicolae_shop_waterfront, minivault_28, uniq_agnes
Elf:2:    layout_geoelf_grid, uniq_nikola, uniq_azrael
Elf:3:    minmay_elf_hall_not_hex, layout_geoelf_castle, serial_shops, shop,
          minmay_elf_sorcery
Vaults:1: vaults_room_stairs_pillars, nicolae_vaults_network_barrier,
          nicolae_vaults_big_angled_halls, nicolae_vaults_theta,
          hangedman_vaults_stream, nicolae_vaults_network_s,
          ontoclasm_vaults_shuriken, dpeg_vaults_monster_row, v_pattern_4,
          v_misc_15, grunt_vaults_twisty, vaults_dpeg_encased_lava,
          layout_vaults_maze_bifur, serial_shops, nicolae_shop_window_shopping,
          shop, shop_fountains, shop
Vaults:2: minmay_crypt_entry_simple_walls, grunt_vaults_bifocal,
          nicolae_vaults_border_crossing, ontoclasm_vaults_ligature,
          nicolae_vaults_bisected_slash, dpeg_vaults_monster_box,
          layout_vaults_omnigrid
Vaults:3: ebering_vaults_ghost_gozag, nicolae_vaults_branching_niches,
          v_misc_24, hangedman_vaults_trim, nicolae_vaults_triangles,
          nicolae_vaults_shelves_hall, v_misc_32, v_alt_pattern_4,
          nicolae_vaults_sealed_display, vaults_dpeg_diagonal, v_misc_13,
          hangedman_vaults_stretched_pinwheel, nicolae_vaults_alarming,
          hangedman_vaults_locks, layout_vaults_omnibox,
          serial_hangedman_research, hangedman_research_electronics,
          hangedman_research_toxicology, hangedman_research_pyrotechnics
Vaults:4: vaults_room_door_hall, v_misc_9, ontoclasm_vaults_chip,
          ontoclasm_vaults_pinch, ontoclasm_vaults_hangar, vaults_room_fours,
          nicolae_vaults_little_squares_3, v_misc_22,
          nicolae_vaults_little_squares_5, layout_vaults_big_room, serial_shops,
          nicolae_shop_crystal
Vaults:5
Crypt:1:  layout_regular_city, minmay_guarded_unrand_skullcrusher
Crypt:2:  lemuel_upstairs_altar, layout_chaotic_city
Crypt:3:  lightli_unholy_cathedral, layout_chaotic_city
Tomb:1
Tomb:2
Tomb:3
Depths:1: layout_basic, hell_entry, minmay_misc_feat_tower,
          kennysheep_generic_room_5, minmay_shoptagon,
          infiniplex_staircase_pool_lava
Depths:2: evilmike_makhleb_hellhole, layout_gridlike, evilmike_ruin_ashenzari,
          hell_entry, infiniplex_enter_wizlab_water,
          abyss_entry_small_statue_room, guppyfry_shop_venom,
          infiniplex_staircase_zigzag_2, minmay_shop_grove
Depths:3: abrahamwl_protected_by_tso_2, layout_gridville,
          minmay_misc_feat_diagonals, hangedman_coc_ice_floe,
          ebering_ghost_rock_garden, abyss_entry_flame_altar,
          rand_demon_pan_entry_1, chequers_serial_rivers_micro_e
Depths:4: minmay_box_of_statues, layout_cross, enter_ziggurat_a,
          pf_hell_entry_tar_river, ebering_ghost_reflecting_pool,
          marbit_kobold_abyss_entry, serial_shops,
          nicolae_shop_overgrown_old_shop, shop, nicolae_shop_crystal,
          kennysheep_mini_moat, nicolae_shop_temple_entry_statues_fountains,
          infiniplex_staircase_river, rand_demon_pan_entry_8,
          minmay_misc_feat_chi, uniq_mennas
Depths:5: lemuel_castle_with_subvaults [lemuel_castle_interior_carwin_1],
          layout_cave_shapes, hangedman_decor_lopped, abyss_entry,
          grunt_mini_vestibule, rand_demon_pan_entry_3,
          minmay_misc_feat_columns, serial_bayou_pond_c, water_boxes_lemuel
Hell
Geh:1:    layout_gehenna_lava_caves
Geh:2:    layout_gehenna_pools_triple
Geh:3:    layout_gehenna_lava_caves
Geh:4:    layout_gehenna_pools_triple, lemuel_hellish_altar
Geh:5:    layout_gehenna_pools_box, hangedman_hellfire_club, lemuel_elevator
Geh:6:    layout_gehenna_lava_caves
Geh:7:    geh_mu

Skill      XL: |  1  2  3  4  5  6  7  8  9 10 11 12 13 14 15 16 17 18 19 20 21 22 23 24 25 26 27 |
---------------+----------------------------------------------------------------------------------+-----
Fighting       | 4 6 9 10 11 12 13 14 15 16 17 18 19 20 21 24 | 24.1
Maces & Flails | 3 4 6 7 8 9 10 11 12 13 14 15 16 17 18 19 22 | 22.1
Armour         | 4 5 6 8 9 10 11 12 13 14 15 16 17 18 19 20 23 | 23.2
Dodging        | 1 3 4 5 6 7 8 9 10 11 12 13 14 15 16 19 | 19.3
Shields        | 4 5 6 8 9 10 11 12 13 14 15 16 17 18 19 20 23 | 23.2
Invocations    | 1 4 6 7 9 10 11 12 13 14 15 18 | 18.4
Evocations     | 4 7 13 | 13.0

Action                   |  1- 3 |  4- 6 |  7- 9 | 10-12 | 13-15 | 16-18 | 19-21 | 22-24 | 25-27 || total
-------------------------+-------+-------+-------+-------+-------+-------+-------+-------+-------++-------
Melee: Flail             |   152 |   110 |   254 |   655 |  1747 |     6 |       |       |       ||  2924
       Shillelagh        |       |       |       |       |       |   524 |       |       |       ||   524
       Sacred scourge    |       |       |       |       |       |   869 |  2091 |  2089 |  4996 || 10045
Invok: Divine Shield     |       |       |       |     2 |    13 |    12 |     7 |    13 |    13 ||    60
       Cleansing Flame   |       |       |       |       |     4 |     9 |     5 |    19 |    39 ||    76
       Brand Weapon With |       |       |       |       |       |     1 |       |       |       ||     1
       Summon Divine War |       |       |       |       |       |       |       |       |     7 ||     7
 Abil: Evoke Flight      |       |       |       |       |     1 |       |       |       |       ||     1
       Fly               |       |       |       |       |     1 |       |       |       |       ||     1
Evoke: Wand              |       |       |       |       |     4 |       |       |       |       ||     4
  Use: Potion            |       |     1 |     2 |       |     3 |     4 |     8 |    11 |    15 ||    44
       Scroll            |       |       |    18 |     7 |     9 |    11 |     9 |    21 |    21 ||    96
  Eat: Chunk             |       |     3 |     5 |    19 |    38 |    21 |    29 |    23 |    27 ||   165
       Ration            |       |     1 |     2 |       |     1 |     4 |       |     3 |    13 ||    24
Armor: Scale mail        |    15 |       |       |       |       |       |       |       |       ||    15
       Chain mail        |    77 |       |       |       |   147 |   620 |   478 |    53 |       ||  1375
       Plate armour      |    19 |    70 |   185 |   402 |   575 |       |       |       |       ||  1251
       Gold dragon scale |       |       |       |       |       |       |       |   570 |  2085 ||  2655
Dodge: Dodged            |    39 |    22 |    45 |   179 |   551 |   407 |   325 |   413 |  1388 ||  3369
Block: Shield            |    86 |    62 |   167 |   513 |  1666 |   427 |       |       |       ||  2921
       Reflection        |       |       |       |       |    27 |    72 |   196 |    25 |       ||   320
       Large shield      |       |       |       |       |       |   910 |  1720 |  1571 |  4940 ||  9141
